 Dungeon Crawl Stone Soup version 0.27-b1-2-g8387495791 (webtiles) character file.

Game seed: 8670159119856890542

20 ZARRMARR the Grave Robber (level 2, -1/20 HPs)
             Began as a Hill Orc Necromancer on July 25, 2021.
             Slain by a giant cockroach (2 damage)
             ... on level 1 of the Dungeon.
             The game lasted 00:08:38 (995 turns).

ZARRMARR the Grave Robber (Hill Orc Necromancer)     Turns: 995, Time: 00:08:42

Health: -1/20      AC:  2    Str: 10    XL:     2   Next: 79%
Magic:  0/5        EV: 12    Int: 15    God:
Gold:   32         SH:  0    Dex: 11    Spells: 3/5 levels left

rFire    . . .     SeeInvis .   e - staff of conjuration
rCold    . . .     Faith    .   (no shield)
rNeg     . . .     Spirit   .   a - +0 robe
rPois    .         Reflect  .   (no helmet)
rElec    .         Harm     .   (no cloak)
rCorr    .         Rampage  .   (no gloves)
Will     .....                  (no boots)
Stlth    ++........             (no amulet)
HPRegen  0.06/turn              (no ring)
MPRegen  0.09/turn              (no ring)

@: no status effects
A: no striking features
a: no special abilities


You were on level 1 of the Dungeon.
You visited 1 branch of the dungeon, and saw 1 of its levels.

You collected 32 gold pieces.

Inventory:

Missiles
 f - 19 arrows
Armour
 a - a +0 robe (worn)
 g - a +0 chain mail
Magical Staves
 e - a staff of conjuration (weapon)
Scrolls
 b - a scroll of immolation {unknown}
 c - a scroll of enchant weapon {unknown}
Potions
 d - a potion of curing {unknown}


   Skills:
 + Level 1.7 Dodging
 + Level 1.7 Stealth
 + Level 0.1 Unarmed Combat
 + Level 2.0 Spellcasting
 + Level 4.3 Necromancy


You had 3 spell levels left.
You knew the following spells:

 Your Spells              Type           Power      Damage    Failure   Level
a - Pain                  Necr           56%        1d6       3%          1
b - Animate Skeleton      Necr           28%        N/A       3%          1

Your spell library contained the following spells:

 Spells                   Type           Power      Damage    Failure   Level
 Vampiric Draining        Necr           7%         2d7       12%         3
 Poisonous Vapours        Pois/Air       2%         N/A       32%         2
 Mephitic Cloud           Conj/Pois/Air  2%         N/A       54%         3
 Animate Dead             Necr           7%         N/A       36%         4
 Agony                    Necr           14%        N/A       71%         5
 Freezing Cloud           Conj/Ice/Air   1%         6-21      99%         5


Dungeon Overview and Level Annotations

Branches:
Dungeon (1/15)

Altars:


Message History

Casting: Pain (safe; 3% risk of failure)
Confirm with . or Enter, or press ? or * to list all spells.
Aiming: Pain (safe; 3% risk of failure)
Press: ? - help, Shift-Dir - straight line, f - jackal, p - jackal
Aim: a jackal (heavily wounded, chance to affect: 85%)
The jackal writhes in agony.
The jackal barely misses you. The jackal closely misses you.
The jackal misses you.
You hit the jackal but do no damage.
The jackal is severely wounded.
The jackal barely misses you. The jackal closely misses you.
The jackal bites you.
* * * LOW HITPOINT WARNING * * *
You hit the jackal.
The jackal is almost dead.
The jackal closely misses you.
The jackal bites you but does no damage.
The jackal barely misses you. The jackal bites you.
* * * LOW HITPOINT WARNING * * *
You hit the jackal but do no damage.
The jackal is almost dead.
The jackal bites you.
* * * LOW HITPOINT WARNING * * *
The jackal closely misses you. The jackal bites you.
* * * LOW HITPOINT WARNING * * *
You hit the jackal.
You kill the jackal!
The jackal closely misses you. The jackal barely misses you.
The giant cockroach barely misses you.
You barely miss the jackal.
The jackal is severely wounded.
The jackal closely misses you. The giant cockroach bites you.
* * * LOW HITPOINT WARNING * * *
The jackal barely misses you.
You hit the jackal but do no damage.
The jackal is severely wounded.
The giant cockroach bites you.
* * * LOW HITPOINT WARNING * * *
The jackal bites you but does no damage.
The giant cockroach bites you.
You die...

#.# #. ...# #.# # # #. #..
#.### #. #.#. #.# #.#..
#..#.#. ####.#########.#.#
....... ..................
#....#.####............#..
........h...........######
....$...B@...........♣♣♣♣♣
..####.###########........
... #...♣♣♣♣♣ #.##
#..###### ... #........
### #.#######
#######'#######
#...........#..
#...........#..


You could see a jackal and a giant cockroach.

Vanquished Creatures
  2 ball pythons (D:1)
  4 hobgoblins (D:1)
  7 jackals (D:1)
  A kobold (D:1)
  A bat (D:1)
  A frilled lizard (D:1)
  A rat (D:1)
17 creatures vanquished.

Notes
Turn   | Place    | Note
-------+----------+-------------------------------------------
     0 | D:1      | ZARRMARR the Hill Orc Necromancer began the quest for the
                  | Orb.
     0 | D:1      | Reached XP level 1. HP: 14/14 MP: 3/3
    57 | D:1      | Learned a level 1 spell: Animate Skeleton
   334 | D:1      | Reached XP level 2. HP: 16/20 MP: 1/4
   994 | D:1      | HP: 1/20 [giant cockroach (1)]
   995 | D:1      | Slain by a giant cockroach

Illustrated notes

Levels and vault maps discovered:
D:1:      eino_arrival_tree_alley, layout_basic

Skill      XL: |  1  2 |
---------------+-------+-----
Spellcasting   | 2 |  2.0
Dodging        | |  1.7
Stealth        | |  1.7
Unarmed Combat | |  0.1
Necromancy     | |  4.3

Action                   || total
-------------------------++-------
Melee: Unarmed           ||    17
       Staff             ||    10
 Cast: Pain              ||    25
       Animate Skeleton  ||     7
Armor: Robe              ||     7
Dodge: Dodged            ||    39
